[Event "Late-Titled-Tuesday-Blitz-October-03-2023"]
[Site "Chess.com"]
[Date "2023.10.03"]
[Round "6"]
[White "koncheto"]
[Black "Qvalda"]
[Result "1-0"]
[WhiteElo "2527"]
[BlackElo "2384"]
[TimeControl "180+1"]
[EndTime "15:03:43 PDT"]
[Termination "koncheto won on time"]

1. e4 e6 2. d4 d5 3. Nd2 Be7 4. c3 c5 5. exd5 exd5 6. dxc5 Nf6 7. Ngf3 O-O 8. Nb3 Re8 9. Be2 Nbd7 10. Be3 Ng4 11. Bd4 Qc7 12. h3 Ngf6 13. O-O Nxc5 14. Re1 Nce4 15. Bd3 Bf5 16. Be5 Qd7 17. Nbd4 Bg6 18.
Bh2 h6 19. Bb5 Qd8 20. Bxe8 Qxe8 21. Ne5 Bh7 22. Ng4 Qd8 23. Nxf6+ Bxf6 24. Qb3 Bxd4 25. cxd4 Qf6 26. Qe3 Bf5 27. Rac1 Qg6 28. Kh1 Kh7 29. f3 Nf6 30. Be5 Nd7 31. Qb3 Be6 32.
Qxb7 Rg8 33. Rc7 Nb6 34. b3 Qh5 35. Kg1 Bxh3 36. Rxf7 Nd7 37. Rxd7 1-0

[Event "Late-Titled-Tuesday-Blitz-October-03-2023"]
[Site "Chess.com"]
[Date "2023.10.03"]
[Round "6"]
[White "NovikovaGalina"]
[Black "nitpicker"]
[Result "0-1"]
[WhiteElo "2421"]
[BlackElo "2241"]
[TimeControl "180+1"]
[EndTime "15:03:43 PDT"]
[Termination "nitpicker won by checkmate"]

1. e4 c5 2. Nf3 d6 3. d4 cxd4 4. Nxd4 Nf6 5. Nc3 Nc6 6. Bg5 Qb6 7. Nb3 e6 8. Qd2 a6 9. O-O-O Qc7 10. f4 Be7 11. Bd3 b5 12. Rhe1 h6 13. Bh4 Nxe4 14.
Nxe4 Bxh4 15. g3 Be7 16. Bf1 d5 17. Nec5 O-O 18. f5 Bg5 19. Re3 Rd8 20. h4 Bxe3 21. Qxe3 Qe5 22. Qd2 Qxf5 23. Bd3 Qf6 24. Rf1 Qe7 25. g4 a5 26. a4 bxa4 27. Nxa4 Nb4 28.
g5 Nxd3+ 29. cxd3 hxg5 30. hxg5 e5 31. g6 fxg6 32. Rh1 Bf5 33. Qh2 Rac8+ 34. Kb1 Qb4 35. Nac5 a4 36. Qxe5 axb3 37. Ne6 Bxd3+ 38. Ka1 Qa4# 0-1

[Event "Late-Titled-Tuesday-Blitz-October-03-2023"]
[Site "Chess.com"]
[Date "2023.10.03"]
[Round "6"]
[White "Rozhkov_V"]
[Black "luizzy"]
[Result "0-1"]
[WhiteElo "2437"]
[BlackElo "2612"]
[TimeControl "180+1"]
[EndTime "15:03:46 PDT"]
[Termination "luizzy won on time"]

1. c4 Nf6 2. g3 g6 3. Bg2 Bg7 4. Nc3 O-O 5. e3 d6 6. Nge2 e5 7. Rb1 a5 8. a3 Nc6 9. b4 axb4 10. axb4 Re8 11. b5 Na5 12. d3 e4 13. Nxe4 Nxe4 14. Bxe4 Nxc4 15. Bg2 Ne5 16. Bb2 Bg4 17. Bxb7 Nf3+ 18.
Bxf3 Bxf3 19. Rg1 c6 20. Bxg7 Kxg7 21. bxc6 Ra2 22. Rb7 Qa5+ 23. Kf1 Bxe2+ 24. Qxe2 Rxe2 25. Kxe2 Qa2+ 26. Kf1 Rc8 27. Kg2 Rxc6 28. Rb4 Qd5+ 0-1

[Event "Late-Titled-Tuesday-Blitz-October-03-2023"]
[Site "Chess.com"]
[Date "2023.10.03"]
[Round "6"]
[White "dropstoneDP"]
[Black "Inepton_Fermion"]
[Result "1-0"]
[WhiteElo "3067"]
[BlackElo "2422"]
[TimeControl "180+1"]
[EndTime "15:03:49 PDT"]
[Termination "dropstoneDP won on time"]

1. e4 c5 2. Nf3 e6 3. d4 cxd4 4.
Nxd4 Nc6 5. Nc3 Qc7 6. Be3 a6 7. g4 Nxd4 8. Qxd4 b5 9. O-O-O Bb7 10. Bg2 Rc8 11. Rd2 Ne7 12. Rhd1 d6 13. Qxd6 Qxd6 14.
Rxd6 Nd5 15. exd5 Bxd6 16. Ne4 Bb8 17. dxe6 fxe6 18. Nf6+ gxf6 19. Bxb7 Rd8 20. Bxa6 Rxd1+ 21. Kxd1 Bxh2 22. Bxb5+ Kf7 23. a4 f5 24. gxf5 exf5 25. a5 h5 26. a6 Bb8 27. a7 Bxa7 28. Bxa7 h4 29. Bc6 h3 30. Bd4 Rh4 31. Be5 Ke6 32.
Bh2 f4 33. Ke2 Kf5 34. Kf3 Rh6 35. Be4+ Kf6 36. Kg4 Rh8 37. Bf3 Rg8+ 38. Kxf4 Rc8 39. c3 Rc4+ 40. Kg3 Ra4 41. Kxh3 Ra2 42. Bf4 Rxb2 43.
Be3 Ke7 44. Kg3 Rc2 45. Bd4 Ra2 46. Be4 1-0

[Event "Late-Titled-Tuesday-Blitz-October-03-2023"]
[Site "Chess.com"]
[Date "2023.10.03"]
[Round "6"]
[White "Rodalquilar"]
[Black "Maestro1986"]
[Result "1-0"]
[WhiteElo "2733"]
[BlackElo "2552"]
[TimeControl "180+1"]
[EndTime "15:03:49 PDT"]
[Termination "Rodalquilar won by resignation"]

1. d4 Nf6 2. Nf3 g6 3. Bf4 Bg7 4. e3 O-O 5. Be2 d6 6. O-O Nbd7 7. h3 Qe8 8. c4 e5 9. Bh2 e4 10. Nfd2 Qe7 11. Nc3 c6 12. b4 Re8 13. c5 d5 14. b5 Nf8 15. a4 Be6 16. a5 cxb5 17. Nxb5 Red8 18. Bd6 Qd7 19. Nc7 Bxh3 20. Nxa8 Rxa8 21.
gxh3 Qxh3 22. f3 Bh6 23. Ra3 Ne6 24. Rf2 Bg5 25. Qf1 Qh6 26. fxe4 Bxe3 27. Kg2 Bxf2 28. Qxf2 Nxe4 29. Nxe4 dxe4 30. Be5 Ng5 31. Qf6 Kf8 32. Qh8+ Ke7 33. Qxa8 Nf3 34. Qxb7+ Ke6 35. Bc4+ Kf5 36. Qxf7+ Kg4 37. Be6+ Kh4 38. Qf4+ Qxf4 39. Bxf4 g5 40. Bg3+ Kh5 41. Rxf3 1-0

[Event "Late-Titled-Tuesday-Blitz-October-03-2023"]
[Site "Chess.com"]
[Date "2023.10.03"]
[Round "6"]
[White "Dr_crypt"]
[Black "JohnWhite1952"]
[Result "1-0"]
[WhiteElo "2439"]
[BlackElo "2077"]
[TimeControl "180+1"]
[EndTime "15:03:49 PDT"]
[Termination "Dr_crypt won on time"]

1. Nf3 Nf6 2. d4 g6 3. c4 Bg7 4. Nc3 d5 5. Bg5 Ne4 6. cxd5 Nxg5 7. Nxg5 e6 8. Qa4+ Bd7 9. Qb3 Qxg5 10. Qxb7 O-O 11.
e3 exd5 12. Qxa8 Nc6 13. Qb7 Rb8 14. Qxc7 Rxb2 15. Qxd7 Nxd4 16. Qe8+ Bf8 17. O-O-O Rc2+ 18. Kb1 Rxc3 19. Rxd4 Qf6 20. Bd3 Kg7 21. Rc1 Qb6+ 22. Qb5 Rxc1+ 23. Kxc1 Ba3+ 24. Kd1 Qc7 25. Qxd5 Qc1+ 26.
Ke2 Qb2+ 27. Kf3 Qc1 28. Qe5+ 1-0

[Event "Late-Titled-Tuesday-Blitz-October-03-2023"]
[Site "Chess.com"]
[Date "2023.10.03"]
[Round "6"]
[White "as9killer2"]
[Black "chessisveryfun1264"]
[Result "1-0"]
[WhiteElo "2507"]
[BlackElo "2596"]
[TimeControl "180+1"]
[EndTime "15:03:50 PDT"]
[Termination "as9killer2 won by checkmate"]

1. c4 e5 2. Nc3 Nf6 3. Nf3 Nc6 4. e3 d6 5. d4 exd4 6. Nxd4 Bg4 7. Be2 Bxe2 8. Qxe2 Be7 9. b3 O-O 10.
O-O Re8 11. Nf5 Bf8 12. Bb2 g6 13. Nd5 Nxd5 14. cxd5 Ne5 15. Ng3 Bg7 16. Rac1 Qe7 17. Rc2 Rac8 18. Rfc1 c5 19. dxc6 bxc6 20. Bxe5 Bxe5 21.
Rxc6 Rxc6 22. Rxc6 Qb7 23. Qc4 Kg7 24. Rc7 d5 25. Rxb7 dxc4 26. bxc4 Rc8 27. Rb4 Rd8 28. Kf1 Rd2 29. Ra4 Rc2 30. Ne4 f5 31. Rxa7+ Kh6 32. Nc5 Rxc4 33. Nd7 Rc1+ 34. Ke2 Bxh2 35. Nf8 Bc7 36.
a4 Kh5 37. Nxh7 g5 38. Nf6+ Kg6 39. Nd5 Be5 40. Ra6+ Kh5 41. f4 gxf4 42. exf4 Ba1 43. Ne3 Rc5 44. Rb6 Ra5 45. Rb5 Rxa4 46. Rxf5+ Kh4 47.
Kf3 Ra2 48. g3+ Kh3 49. Rh5# 1-0

[Event "Late-Titled-Tuesday-Blitz-October-03-2023"]
[Site "Chess.com"]
[Date "2023.10.03"]
[Round "6"]
[White "BillieKimbah"]
[Black "GaiozNigalidze"]
[Result "1-0"]
[WhiteElo "2967"]
[BlackElo "2754"]
[TimeControl "180+1"]
[EndTime "15:03:51 PDT"]
[Termination "BillieKimbah won on time"]

1. d4 Nf6 2. Nf3 g6 3. Nbd2 d5 4. b3 Bg7 5. Bb2 a5 6. a3 O-O 7. e3 c6 8. Be2 Bg4 9. c4 Nbd7 10. O-O Bxf3 11. Nxf3 e6 12. Bd3 Re8 13. h3 Qb6 14.
Qc2 Qc7 15. Rfc1 Qb8 16. Bc3 Ra7 17. Be1 Qd6 18. Bc3 Qb8 19. b4 axb4 20. axb4 Rxa1 21.
Rxa1 dxc4 22. Bxc4 Nd5 23. Be1 N7b6 24. Bb3 e5 25. dxe5 Bxe5 26. Nxe5 Qxe5 27. Rd1 Qe4 28. Rd4 Qxc2 29. Bxc2 f5 30. Bd2 Kf7 31. g4 Kf6 32.
Kf1 Ra8 33. Kg2 Ra2 34. Bb3 Ra3 35. Rd3 Ra8 36. f3 Re8 37. Kf2 h5 38. gxh5 gxh5 39. h4 Ke6 40. e4 fxe4 41. fxe4 Rf8+ 42. Rf3 Ra8 43. exd5+ cxd5 44. Bc3 Nc4 45. Rf6+ Ke7 46. Bxc4 dxc4 47. Rb6 Ra2+ 48. Ke3 Rh2 49. Rxb7+ Ke6 50. Rb6+ Kf5 51. Rf6+ Kg4 52. Rf4+ Kh3 53. Rxc4 Rg2 54. b5 1-0

[Event "Late-Titled-Tuesday-Blitz-October-03-2023"]
[Site "Chess.com"]
[Date "2023.10.03"]
[Round "6"]
[White "Arteler"]
[Black "alfianasybullina"]
[Result "1-0"]
[WhiteElo "2619"]
[BlackElo "2406"]
[TimeControl "180+1"]
[EndTime "15:03:51 PDT"]
[Termination "Arteler won by checkmate"]

1. e4 c6 2. Nc3 d5 3. Qf3 dxe4 4. Nxe4 Nf6 5. Bc4 Nbd7 6. d4 e6 7. Ne2 Nxe4 8. Qxe4 Nf6 9. Qh4 c5 10. Bg5 Be7 11. O-O Qb6 12. dxc5 Qxc5 13. Bd3 Bd7 14. Rfd1 Bc6 15. Nd4 h6 16. Be3 Nd5 17. Nxc6 Nxe3 18. Nxe7 Nxd1 19. Ng6 fxg6 20. Bxg6+ Kd7 21. Rxd1+ Kc8 22. Rd3 Qe5 23. Qc4+ Kb8 24. g3 b5 25.
Qc6 Qc7 26. Qxb5+ Qb6 27. Qe5+ Kb7 28. Rb3 Rad8 29. Be4+ Kc8 30. Rxb6 axb6 31. Qxe6+ Kb8 32. Qxb6+ Kc8 33. Qb7# 1-0

[Event "Late-Titled-Tuesday-Blitz-October-03-2023"]
[Site "Chess.com"]
[Date "2023.10.03"]
[Round "6"]
[White "angelgab3"]
[Black "GiorgianBarbosa"]
[Result "0-1"]
[WhiteElo "2552"]
[BlackElo "2415"]
[TimeControl "180+1"]
[EndTime "15:03:53 PDT"]
[Termination "GiorgianBarbosa won by resignation"]

1. e4 c5 2. Nf3 g6 3. d4 cxd4 4. Nxd4 Bg7 5. c4 Nc6 6. Be3 Nf6 7. Nc3 O-O 8. Be2 Nxd4 9. Bxd4 d6 10. O-O Bd7 11.
Rc1 Bc6 12. Bd3 Nd7 13. Bxg7 Kxg7 14. Kh1 a5 15. f4 Nc5 16. Bb1 b6 17. f5 f6 18. Qg4 Nd7 19. Ne2 Ne5 20. Qg3 Kh8 21. Nf4 Rg8 22. fxg6 Nxg6 23. Ne6 Qd7 24. Nd4 Ne5 25.
Qf2 Rg5 26. Nf5 Rag8 27. Rg1 Rh5 28. Qxb6 Ng4 29. h3 Qxf5 30. Rcf1 Rxh3+ 31. gxh3 Bxe4+ 32. Bxe4 Qxe4+ 33. Rg2 Ne3 34. Rf2 Nxg2 35. Qxa5 Nf4+ 0-1

[Event "Late-Titled-Tuesday-Blitz-October-03-2023"]
[Site "Chess.com"]
[Date "2023.10.03"]
[Round "6"]
[White "NMZanette"]
[Black "campochess"]
[Result "1-0"]
[WhiteElo "2308"]
[BlackElo "2143"]
[TimeControl "180+1"]
[EndTime "15:03:53 PDT"]
[Termination "NMZanette won on time"]

1. e4 c5 2. Nc3 Nc6 3. f4 e6 4.
Nf3 Nf6 5. e5 Ng4 6. h3 Nh6 7. g4 d5 8. Bg2 Be7 9. O-O f5 10. g5 Nf7 11. Ne2 d4 12. d3 g6 13. c3 dxc3 14. bxc3 h6 15. h4 hxg5 16.
hxg5 Bd7 17. Rb1 Rb8 18. Be3 Qa5 19. Qc2 b5 20. Rfd1 b4 21. c4 Qc7 22. Kf2 Nfxe5 23. fxe5 Nxe5 24. Nxe5 Qxe5 25. Bf4 Qg7 26. Bxb8 Bxg5 27.
Qb2 Bf6 28. d4 Qh6 29. Qb3 Bh4+ 30. Bg3 Qg5 31. Qf3 Bxg3+ 32. Qxg3 Qe7 33. dxc5 Qf7 34. Qe5 Rh4 35. c6 Bc8 36. Rd4 Rh5 37. Rbd1 1-0

[Event "Late-Titled-Tuesday-Blitz-October-03-2023"]
[Site "Chess.com"]
[Date "2023.10.03"]
[Round "6"]
[White "Zq1"]
[Black "DucksParadise"]
[Result "1-0"]
[WhiteElo "2533"]
[BlackElo "2640"]
[TimeControl "180+1"]
[EndTime "15:03:54 PDT"]
[Termination "Zq1 won by resignation"]

1. d4 Nf6 2. c4 e6 3. Nf3 d5 4. e3 c5 5. Nc3 a6 6. a3 Nc6 7. dxc5 Bxc5 8. b4 Ba7 9. Bb2 O-O 10. Be2 dxc4 11. Bxc4 b5 12. Bd3 Bb7 13. Ne4 Nxe4 14. Bxe4 Qe7 15. O-O Rfd8 16. Qe2 h6 17. Rac1 Rac8 18.
h3 Na5 19. Bxb7 Nxb7 20. Ne5 Nd6 21. Nc6 Rxc6 22. Rxc6 Nc4 23. Bd4 Bxd4 24. exd4 Qb7 25. Rc5 Rxd4 26. Rd1 Qd7 27. Rxd4 Qxd4 28. Rc8+ Kh7 29.
Qc2+ f5 30. Qe2 Nd2 31. Rc1 Ne4 32. Qe3 Qb2 33. Rd1 Nc3 34. Rd7 Qa1+ 35. Kh2 Ne4 36. Qd4 Qxd4 37. Rxd4 Nxf2 38. Rd6 e5 39. Rxa6 f4 40. a4 bxa4 41. b5 Nd3 42. Rxa4 Nc5 43. Rc4 Nb7 44. b6 Kg6 45. Rc7 Na5 46. b7 Nxb7 47.
Rxb7 e4 48. Re7 1-0

[Event "Late-Titled-Tuesday-Blitz-October-03-2023"]
[Site "Chess.com"]
[Date "2023.10.03"]
[Round "6"]
[White "AsaHoffmann"]
[Black "ChadBiryani"]
[Result "0-1"]
[WhiteElo "2374"]
[BlackElo "2505"]
[TimeControl "180+1"]
[EndTime "15:03:55 PDT"]
[Termination "ChadBiryani won on time"]

1. d4 d5 2. Bg5 h6 3. Bh4 Bf5 4. c4 c6 5. Nc3 Nf6 6. f3 e6 7. e4 dxe4 8. fxe4 Bh7 9. e5 g5 10. Bf2 Nfd7 11. Nf3 Bg7 12. h3 O-O 13. Qe2 Na6 14.
a3 Qa5 15. Rc1 f6 16. exf6 Nxf6 17. Qxe6+ Kh8 18. Be2 Rae8 19. Qd6 Ne4 20. Qd7 Rd8 21. Qxb7 Nxf2 22. Kxf2 Bxd4+ 23. Kf1 Bb6 24. Qxc6 Qf5 25. g4 Qf4 26. Kg2 Rde8 27. Rhe1 Qe3 28. Nd5 Qf2+ 29. Kh1 Qg3 30. Nxb6 axb6 31. Ng1 Be4+ 32. Qxe4 Rxe4 33.
Rf1 Rxf1 0-1

[Event "Late-Titled-Tuesday-Blitz-October-03-2023"]
[Site "Chess.com"]
[Date "2023.10.03"]
[Round "6"]
[White "littlepinkyboy"]
[Black "Brown_Mamba24"]
[Result "0-1"]
[WhiteElo "2411"]
[BlackElo "2651"]
[TimeControl "180+1"]
[EndTime "15:03:56 PDT"]
[Termination "Brown_Mamba24 won by resignation"]

1. e4 c5 2. c3 d5 3. exd5 Qxd5 4.
d4 cxd4 5. Qxd4 Qxd4 6. cxd4 Nc6 7. Bb5 Bd7 8. Ne2 Nf6 9. Nbc3 e6 10. Bg5 Bb4 11. O-O a6 12. Bd3 Rc8 13. Rac1 O-O 14. Bxf6 gxf6 15. Ne4 Be7 16. Bb1 Rfd8 17. Nc5 Nxd4 18.
Nxd4 Rxc5 19. Rxc5 Bxc5 20. Nb3 Bb6 21. Rd1 Bc6 22. Rxd8+ Bxd8 23. Nd4 Bd5 24. b3 f5 25. Ne2 Bf6 26. f3 Kf8 27. Kf2 Ke7 28. Ke3 Kd6 29. Bd3 Kc5 30. Nf4 Bg5 31. h4 Bh6 32. g4 e5 33. g5 exf4+ 34. Kxf4 Bg7 35. Bxf5 h6 36.
Bc8 Kb4 37. Kg4 Ka3 38. f4 Kxa2 39. f5 Kxb3 40. f6 Bf8 41. h5 hxg5 42. Kxg5 a5 43. h6 Bxh6+ 44. Kxh6 a4 45. Kg7 a3 46. Bxb7 Bxb7 0-1

[Event "Late-Titled-Tuesday-Blitz-October-03-2023"]
[Site "Chess.com"]
[Date "2023.10.03"]
[Round "6"]
[White "CraiggoryC"]
[Black "maurovargas01"]
[Result "1-0"]
[WhiteElo "2284"]
[BlackElo "1914"]
[TimeControl "180+1"]
[EndTime "15:03:57 PDT"]
[Termination "CraiggoryC won on time"]

1. e4 e5 2. Nf3 Nc6 3. Bc4 Bc5 4. d3 Nf6 5. O-O d6 6. c3 a6 7. Bb3 Ba7 8. Nbd2 Ng4 9. h3 h5 10.
Nc4 Bd7 11. Ne3 Qe7 12. Nd5 Qd8 13. Bg5 Qc8 14. hxg4 hxg4 15. Nd2 g3 16. Be3 Qd8 17. fxg3 Qc8 18. Qf3 f6 19. Bxa7 Nxa7 20. Nxf6+ gxf6 21. Qxf6 Be6 22. Qxh8+ Ke7 23. Qxc8 Rxc8 24. Bxe6 Kxe6 25. Rf5 Rg8 26. Kh2 Nc6 27. Raf1 Rh8+ 28. Kg1 Rg8 29. R1f3 Rg6 30. Nc4 b5 31. Ne3 Ne7 32. Rf7 c6 33. Rh7 d5 34. Rff7 1-0

[Event "Late-Titled-Tuesday-Blitz-October-03-2023"]
[Site "Chess.com"]
[Date "2023.10.03"]
[Round "6"]
[White "Rutricks"]
[Black "Bilan_Danila"]
[Result "1-0"]
[WhiteElo "2699"]
[BlackElo "2532"]
[TimeControl "180+1"]
[EndTime "15:03:58 PDT"]
[Termination "Rutricks won on time"]

1. Nf3 d5 2. b3 Nf6 3. Bb2 c5 4.
e3 Nc6 5. Bb5 Qb6 6. a4 a6 7.
Bxc6+ Qxc6 8. a5 g6 9. Nc3 Bg7 10. Na4 O-O 11. Nb6 Ra7 12. O-O Nd7 13. Bxg7 Kxg7 14.
Nxd7 Bxd7 15. h3 f6 16. d3 e5 17. c4 Be6 18. Qc2 Raa8 19. e4 d4 20. Rfb1 f5 21. b4 fxe4 22. dxe4 cxb4 23. Rxb4 Rxf3 24. gxf3 Bxh3 25.
Rab1 Rb8 26. Qd2 Qf6 27. Rxb7+ Rxb7 28. Rxb7+ Kg8 29. Rb8+ Kg7 30. Rb7+ Kg8 31. Qh6 Bc8 32. Rb8 Qe6 33. Qg5 Kf7 34. Qd8 1-0

[Event "Late-Titled-Tuesday-Blitz-October-03-2023"]
[Site "Chess.com"]
[Date "2023.10.03"]
[Round "6"]
[White "GMForgacs"]
[Black "LeninGuerra"]
[Result "1/2-1/2"]
[WhiteElo "2460"]
[BlackElo "2590"]
[TimeControl "180+1"]
[EndTime "15:04:04 PDT"]
[Termination "Game drawn - insufficient material"]

1. e4 c5 2. Nf3 e6 3. d4 cxd4 4.
Nxd4 Nc6 5. Nc3 Qc7 6. Be3 a6 7. a3 Nf6 8. f4 b5 9. Nxc6 dxc6 10. Qf3 Bb7 11. g4 c5 12. g5 b4 13. axb4 cxb4 14. Nb5 Qc6 15. gxf6 axb5 16. Rxa8+ Bxa8 17. Qe2 Qxe4 18. Qxb5+ Bc6 19. Qb8+ Kd7 20. Qa7+ Bb7 21. Bb5+ Kc8 22.
Rf1 gxf6 23. Ba6 Bxa6 24. Qxa6+ Qb7 25. Qc4+ Qc7 26. Qe4 Bd6 27. Kf2 Qb7 28. Qxb7+ Kxb7 29. Rd1 Kc6 30. Rd4 Rc8 31. Rc4+ Kd7 32. Rxc8 Kxc8 33.
Kf3 Kd7 34. Ke4 Kc6 35. h4 f5+ 36. Kd3 h5 37. Kc4 Be7 38. Bf2 f6 39. Be1 Bd6 40.
Bxb4 Bxf4 41. Be1 Be3 42. b4 f4 43. Kd3 Kd5 44. c4+ Kc6 45. Ke4 f5+ 46. Ke5 f3 47.
Kxe6 f2 48. Bxf2 Bxf2 49. Kxf5 Bxh4 50. Kg6 Be1 51. b5+ Kc5 52. Kxh5 Kxc4 53. b6 Bg3 54. b7 Bb8 55. Kg6 Kb5 56. Kf7 Kb6 57. Ke8 Kxb7 1/2-1/2

[Event "Late-Titled-Tuesday-Blitz-October-03-2023"]
[Site "Chess.com"]
[Date "2023.10.03"]
[Round "6"]
[White "Leebit02"]
[Black "falzehope0"]
[Result "1-0"]
[WhiteElo "2494"]
[BlackElo "2355"]
[TimeControl "180+1"]
[EndTime "15:04:04 PDT"]
[Termination "Leebit02 won on time"]

1. Nf3 e6 2. c4 d5 3. e3 f5 4. b3 Nf6 5. Bb2 c6 6. Be2 Bd6 7. O-O O-O 8. d4 Nbd7 9. Nc3 Ne4 10. Ne1 Qh4 11. g3 Qh3 12. Bf3 g5 13.
Bg2 Qh6 14. f3 Nxg3 15. hxg3 Bxg3 16. Rf2 Qh2+ 17. Kf1 Nf6 18. Rd2 Ne4 19. Nd3 e5 20. dxe5 Nxd2+ 21. Qxd2 f4 22. Rd1 Bh3 23. Bxh3 Qh1+ 24.
Ke2 Qxh3 25. exf4 Qg2+ 26. Ke3 gxf4+ 27. Kd4 Bf2+ 28. Nxf2 Qxf3 29. cxd5 cxd5 30. Rg1+ Kf7 31. Ng4 Ke7 32. Nf6 Ke6 33. Ncxd5 Rad8 34. Qa5 b6 35. Qd2 1-0

[Event "Late-Titled-Tuesday-Blitz-October-03-2023"]
[Site "Chess.com"]
[Date "2023.10.03"]
[Round "6"]
[White "Fandorine"]
[Black "Zurability"]
[Result "1-0"]
[WhiteElo "2938"]
[BlackElo "2709"]
[TimeControl "180+1"]
[EndTime "15:04:06 PDT"]
[Termination "Fandorine won on time"]

1. b3 e5 2. Bb2 d6 3. e3 Nc6 4. Nf3 Nf6 5. d4 exd4 6. Nxd4 Bd7 7. Be2 g6 8. O-O Bg7 9. c4 O-O 10. Nc3 Nxd4 11. Qxd4 Bc6 12. Nd5 Ne8 13. Qd2 Bd7 14.
Bxg7 Nxg7 15. Qb2 f6 16. Rfd1 f5 17. Rac1 Ne6 18. b4 a5 19. c5 axb4 20. cxd6 cxd6 21. Bc4 b5 22. Bb3 Rc8 23. Rxc8 Bxc8 24. Nxb4 f4 25. exf4 Rxf4 26. Qd2 Qf8 27. g3 Rf7 28. Qxd6 Kg7 29.
Bxe6 Bxe6 30. Qe5+ Rf6 31. Nc6 Kh6 32. Rd8 Qf7 33.
Qe3+ Kg7 34. Qc3 Kh6 35. Rd2 Rf3 36. Qd4 Qf5 37. Qh4+ Kg7 38. Qe7+ 1-0

[Event "Late-Titled-Tuesday-Blitz-October-03-2023"]
[Site "Chess.com"]
[Date "2023.10.03"]
[Round "6"]
[White "victormago"]
[Black "Ermito2020"]
[Result "1-0"]
[WhiteElo "2520"]
[BlackElo "2605"]
[TimeControl "180+1"]
[EndTime "15:04:08 PDT"]
[Termination "victormago won by checkmate"]

1. d4 Nf6 2. c4 g6 3. Nc3 Bg7 4. e4 d6 5. Be2 O-O 6. Bg5 h6 7. Be3 c5 8. d5 e6 9. f3 exd5 10. cxd5 a6 11. a4 Re8 12. Qd2 Nbd7 13. Nh3 Rb8 14.
Nf2 Kh7 15. O-O Ne5 16. Rfe1 Bd7 17. f4 Neg4 18. Nxg4 Nxg4 19. Bxg4 Bxg4 20. e5 dxe5 21. Bxc5 Rc8 22. Be3 exf4 23. Bxf4 Qb6+ 24. Kh1 Bd7 25. Rf1 f5 26. Rae1 Qb4 27. Rxe8 Rxe8 28. h3 g5 29. Bg3 Qc4 30. Re1 Rxe1+ 31. Bxe1 b5 32. axb5 axb5 33. d6 Qf1+ 34. Kh2 Be5+ 35. Bg3 f4 36. Be1 Kg7 37. Bf2 Bc6 38. Bd4 Bxd4 39. Qxd4+ Kf7 40. Ne4 Qe2 41. Qf6+ Ke8 42. Qe7# 1-0

[Event "Late-Titled-Tuesday-Blitz-October-03-2023"]
[Site "Chess.com"]
[Date "2023.10.03"]
[Round "6"]
[White "stasOR4ik"]
[Black "Mikhail_Golubev"]
[Result "0-1"]
[WhiteElo "2424"]
[BlackElo "2611"]
[TimeControl "180+1"]
[EndTime "15:04:08 PDT"]
[Termination "Mikhail_Golubev won by checkmate"]

1. e4 c5 2. c3 Nf6 3. e5 Nd5 4.
d4 cxd4 5. Nf3 Nc6 6. cxd4 d6 7. Bc4 Nb6 8. Bxf7+ Kxf7 9. Ng5+ Kg8 10. Qf3 Qe8 11. e6 Nd8 12. d5 h6 13. Nh3 Nxd5 14. Qxd5 Bxe6 15. Qd3 Rc8 16. O-O Bc4 17. Qc2 Qd7 18.
Re1 Be6 19. Nc3 Bxh3 20. gxh3 Qxh3 21. Re3 Qd7 22. Bd2 h5 23. Rae1 h4 24. Qb3+ e6 25.
Re4 Rh5 26. Rg4 d5 27. Ne2 Qf7 28. Nf4 Rf5 29. Rxh4 Rc4 30. Qh3 Qf6 31. Rh8+ Kf7 32. Nh5 Qg6+ 33. Ng3 Rf3 34. Rxf8+ Kxf8 35. Qh8+ Ke7 36.
Kg2 Rf8 37. Qh3 Rc2 38. Bc3 Rfxf2+ 39. Kg1 Rg2+ 40. Kf1 Rcf2# 0-1

[Event "Late-Titled-Tuesday-Blitz-October-03-2023"]
[Site "Chess.com"]
[Date "2023.10.03"]
[Round "6"]
[White "GMBenjaminBok"]
[Black "Abund"]
[Result "1-0"]
[WhiteElo "2989"]
[BlackElo "2781"]
[TimeControl "180+1"]
[EndTime "15:04:10 PDT"]
[Termination "GMBenjaminBok won by resignation"]

1. d4 d5 2. c4 e6 3. Nc3 Nf6 4.
cxd5 exd5 5. Bg5 c6 6. e3 h6 7. Bh4 Be7 8. Bd3 O-O 9. Nge2 Re8 10. O-O Nbd7 11. a4 a5 12. f3 c5 13. Bb5 b6 14.
Bxf6 Bxf6 15. Nxd5 Re6 16. e4 cxd4 17. Nxd4 Bxd4+ 18.
Qxd4 Nc5 19. Rad1 Bb7 20. Nf4 Qxd4+ 21. Rxd4 Rf6 22. e5 Rf5 23. Re1 Nb3 24. Rc4 Nd2 25.
Rc7 Bxf3 26. e6 Rxf4 27. e7 Rg4 28. e8=Q+ Rxe8 29. Rxe8+ Kh7 30. Bd3+ Ne4 31. Rxf7 Bxg2 32. h3 Rg5 33. Kh2 Kg6 34. Rf4 Kh5 35. Bxe4 Bxe4 36. Rexe4 Rc5 37. Rh4+ Kg6 38. Rhg4+ Kh7 39. Re7 Rg5 40. Rxg5 hxg5 41. Rb7 b5 42. Rxb5 1-0

[Event "Late-Titled-Tuesday-Blitz-October-03-2023"]
[Site "Chess.com"]
[Date "2023.10.03"]
[Round "6"]
[White "FaustinoOro"]
[Black "aistrel"]
[Result "1-0"]
[WhiteElo "2865"]
[BlackElo "2533"]
[TimeControl "180+1"]
[EndTime "15:04:13 PDT"]
[Termination "FaustinoOro won on time"]

1. d4 d5 2. c4 dxc4 3. Nf3 Nf6 4. e3 e6 5. Bxc4 c5 6. O-O a6 7. b3 Nbd7 8. Bb2 Be7 9. Nbd2 O-O 10. Rc1 b6 11. Qe2 Bb7 12. Rfd1 Qc7 13. Bd3 Qb8 14. Bb1 Rd8 15. Nc4 Qa7 16. Nce5 Rac8 17. Nxd7 Rxd7 18. Ne5 Rdd8 19. Ng4 Qa8 20. Nxf6+ Bxf6 21. f3 cxd4 22. Rxc8 Qxc8 23. exd4 g6 24. Be4 Qd7 25. h3 Bd5 26.
Qe3 Kg7 27. Kh1 h5 28. Bc1 Kg8 29. Bb1 Bg7 30. Qg5 Rc8 31. Bf4 Qd8 32. Qg3 a5 33. Be5 b5 34. f4 Qd7 35. Rf1 a4 36. bxa4 bxa4 37. f5 h4 38. Qg5 Qd8 39. f6 Rc3 40. Qxh4 Bf8 41. Bxg6 1-0

[Event "Late-Titled-Tuesday-Blitz-October-03-2023"]
[Site "Chess.com"]
[Date "2023.10.03"]
[Round "6"]
[White "Verony64"]
[Black "KorolDimitriy75"]
[Result "0-1"]
[WhiteElo "2228"]
[BlackElo "2362"]
[TimeControl "180+1"]
[EndTime "15:04:13 PDT"]
[Termination "KorolDimitriy75 won on time"]

1. e4 c5 2. Nc3 g6 3. d3 Bg7 4. g3 Nc6 5. Bg2 d6 6. f4 e5 7. Nf3 Nge7 8. O-O Nd4 9. Be3 O-O 10. Qd2 Bg4 11. Ne1 Qd7 12. Bxd4 cxd4 13. Nd1 Rac8 14. c3 Nc6 15. Nf2 Be6 16. c4 f5 17. Nf3 h6 18. Nh4 Kh7 19. exf5 gxf5 20.
Nh3 a5 21. Rae1 Rce8 22. Qd1 Qf7 23. Bf3 Qd7 24. Bh5 Rc8 25. Bg6+ Kg8 26. fxe5 dxe5 27. Qh5 f4 28. Ng5 Rf6 29. Bh7+ Kh8 30. Ng6+ Rxg6 31. Qxg6 hxg5 32. gxf4 gxf4 33. Qh5 Bg4 34. Qh4 Qd6 35. Bf5+ Qh6 36. Qxg4 Rg8 37. Kf2 Bf6 0-1

[Event "Late-Titled-Tuesday-Blitz-October-03-2023"]
[Site "Chess.com"]
[Date "2023.10.03"]
[Round "6"]
[White "KafkaesqueKnight"]
[Black "josiur"]
[Result "1-0"]
[WhiteElo "2357"]
[BlackElo "2504"]
[TimeControl "180+1"]
[EndTime "15:04:16 PDT"]
[Termination "KafkaesqueKnight won by checkmate"]

1. d4 d5 2. c4 e6 3. Nc3 a6 4. c5 b6 5. cxb6 c5 6. dxc5 Bxc5 7. Na4 Bxb6 8. Nxb6 Qxb6 9. Be3 Qxb2 10. Rc1 Qb4+ 11. Bd2 Qb7 12. Qa4+ Bd7 13. Qg4 g6 14. Qd4 f6 15. e4 dxe4 16. Qd6 Nc6 17. Bc4 Nge7 18.
Bxe6 Bxe6 19. Qxe6 f5 20. Nh3 Qd7 21. Qf6 Rf8 22.
Qg7 Nd5 23. Qh6 Nd4 24. O-O Ne2+ 25. Kh1 Nxc1 26. Rxc1 Rc8 27. Rb1 Nf6 28. Bb4 Rf7 29. Ng5 Ng4 30. Qh4 Qd3 31. Rg1 Rb7 32. Be1 Rc1 33.
h3 Nf6 34. Ne6 Kf7 35. Ng5+ Kg7 36. Ne6+ Kg8 37. Ng5 Qe2 38. Ne6 Rxe1 39. Qxf6 Rxg1+ 40. Kh2 Rf7 41. Qd8+ Rf8 42. Qxf8# 1-0